 Dungeon Crawl Stone Soup version 0.32-a0-630-g46d191b0ed (webtiles) character file.

Game seed: 7623093954516745466

67035 javelincjr the Fighter (level 15, -5/113 HPs)
             Began as a Djinni Hedge Wizard on Mar 6, 2024.
             Was a High Priest of Qazlal.
             Slain by a merfolk
             ... wielding a +0 trident
              (20 damage)
             ... on level 2 of the Shoals on Mar 7, 2024.
             The game lasted 01:50:49 (17876 turns).

javelincjr the Fighter (Djinni Hedge Wizard)       Turns: 17876, Time: 01:50:50

Health: -5/113     AC: 13    Str: 13    XL:     15   Next: 64%
Gold:   1336       EV: 18    Int: 21    God:    Qazlal [*****.] SH: 17 Dex: 19

rFire   + + +        h - +7 hand cannon "Mule" {flame, backblast, rF+}
rCold   x . .        V - +0 kite shield
rNeg    . . .        M - +0 steam dragon scales
rPois   ∞            q - +0 helmet
rElec   .            H - +0 cloak
rCorr   .            F - +0 pair of gloves
SInv    .            (boots unavailable)
Will    ++...        U - amulet of the acrobat
Stlth   ++           l - +6 ring of dexterity
HPRegen 0.38/turn    m - ring of wizardry
MPRegen 0.00/turn

%: repel missiles, acrobat, clarity, wizardry (x1), infuse magic (-6 HP)
@: portalling projectiles, protected from physical damage, flying, studying
Evocations
A: sickness immunity, fire resistance 2, cold vulnerability 1, float, innate
caster, HP casting, extra vitality 1, clarity, strong-willed 1, strong 1
a: Renounce Religion, Upheaval, Elemental Force, Disaster Area


You were on level 2 of the Shoals.
You worshipped Qazlal.
Qazlal was extremely pleased with you.
You visited 4 branches of the dungeon, and saw 17 of its levels.
You also visited: Bailey.

You collected 1336 gold pieces.

Inventory:

Hand Weapons
 a - the +2 shortbow "Juqes" {heavy, rCorr MP+9}
   (You found it on level 4 of the Dungeon)

   MP+9:      It affects your magic capacity (+9).
   rCorr:     It protects you from acid and corrosion.
 b - the +4 dagger of Blood-Lust {heavy, Int+4}
   (You took it off a hobgoblin on level 4 of the Dungeon)

   Int+4:     It affects your intelligence (+4).
 h - the +7 hand cannon "Mule" (weapon) {flame, backblast, rF+}
   (You acquired it on level 3 of the Lair of Beasts)

   rF+:       It protects you from fire.
 N - the +7 staff of the Meek {protect, meekguard}
   (You found it in a bailey)
 S - a +2 demon trident of venom
Missiles
 y - 2 boomerangs
 E - 17 poisoned darts
Armour
 q - a +0 helmet (worn)
 F - a +0 pair of gloves (worn)
 H - a +0 cloak (worn)
 M - +0 steam dragon scales (worn)
 V - a +0 kite shield (worn)
Magical Staves
 s - the staff "Pyepola" {Fly rN+ Str+2 Int+2 Necro}
   (You found it on level 4 of the Lair of Beasts)

   [staff of death]

   Base accuracy: +5 Base damage: 5 Base attack delay: 1.2 This weapon's minimum
   attack delay (0.6) is reached at skill level 12.
   Str+2:     It affects your strength (+2).
   Int+2:     It affects your intelligence (+2).
   rN+:       It protects you from negative energy.
   Fly:       It grants you flight.
   Necro:     It increases the power of your Necromancy spells.
   It falls into the 'Staves' category.
   It is a one-handed weapon.
Jewellery
 c - the ring "Wear" {rElec Str+6}
   (You found it on level 4 of the Lair of Beasts)

   [ring of strength]

   Str+6:     It affects your strength (+6).
   rElec:     It insulates you from electricity.
 l - a +6 ring of dexterity (left hand)
 m - a ring of wizardry (right hand)
 o - a +6 ring of intelligence
 p - the amulet of the Four Winds {rN+ Will+++ Clar}
   (You found it on level 4 of the Lair of Beasts)

   [amulet of nothing]

   rN+:       It protects you from negative energy.
   Will+++:   It greatly increases your willpower.
   Clar:      It protects you from confusion, rage, mesmerisation and fear.
 J - a ring of protection from cold
 U - an amulet of the acrobat (around neck)
Wands
 e - a wand of light (6)
 w - a wand of digging (5)
 I - a wand of iceblast (6)
 L - a wand of polymorph (7)
Scrolls
 d - 4 scrolls of enchant weapon
 i - 2 scrolls of torment
 u - 2 scrolls of acquirement
 x - 4 scrolls of noise {unknown}
 z - 6 scrolls of immolation
 A - 4 scrolls of blinking {unknown}
 B - 4 scrolls of teleportation {unknown}
 C - a scroll of summoning {unknown}
 Q - 2 scrolls of fog {unknown}
 R - a scroll of enchant armour {unknown}
 X - 2 scrolls of fear {unknown}
 Y - a scroll of poison {unknown}
 Z - a scroll of vulnerability {unknown}
Potions
 j - 7 potions of curing
 k - 2 potions of attraction
 n - 4 potions of mutation
 t - 2 potions of haste
 v - a potion of degeneration {unknown}
 D - 2 potions of lignification
 K - 3 potions of brilliance
 O - a potion of heal wounds {unknown}
 P - a potion of cancellation {unknown}
 T - a potion of might
 W - a potion of enlightenment {unknown}
Miscellaneous
 f - a box of beasts (inert)
 g - a lightning rod (4/4)
 r - a phantom mirror


   Skills:
 * Level 12.7 Fighting
 + Level 6.1 Ranged Weapons
 + Level 7.3 Armour
 + Level 11.1 Dodging
 + Level 8.5 Stealth
 + Level 7.7 Shields
 * Level 8.0 Spellcasting
 * Level 8.0 Conjurations
 * Level 8.0 Hexes
 * Level 8.0 Summonings
 * Level 8.0 Necromancy
 * Level 8.0 Translocations
 * Level 8.0 Fire Magic
 * Level 8.0 Ice Magic
 * Level 8.0 Air Magic
 * Level 8.0 Earth Magic
 * Level 8.0 Alchemy
 + Level 8.4 Invocations


You knew the following spells:

 Your Spells              Type           Power      Damage    Failure   Level
a - Magic Dart            Conj           100%       1d8       1%          1
b - Slow                  Hex            100%       N/A       1%          1
c - Blink                 Tloc           84%        N/A       1%          2
d - Call Imp              Summ           84%        N/A       1%          2
e - Mephitic Cloud        Conj/Alch/Air  42%        N/A       1%          3
f - Freeze                Ice            100%       1d10      1%          1
g - Static Discharge      Conj/Air       84%        3-7/arc   1%          2
h - Teleport Other        Tloc           42%        N/A       1%          3
i - Animate Armour        Summ/Erth      84%        N/A       3%          4
j - Dimensional Bullseye  Hex/Tloc       21%        N/A       3%          4
k - Lee's Rapid Deconstr  Erth           21%        3d12*     9%          5
l - Starburst             Conj/Fire      21%        6d7       43%         6
Your spell library was empty.

Dungeon Overview and Level Annotations

Branches:
Dungeon (9/15)             Temple (1/1) D:5            Lair (5/5) D:8
 Shoals (2/4) Lair:3        Snake (0/4) Lair:3        Slime (0/5) Lair:5
 Bailey (visited)
    Orc: D:9-12

Altars:
Ashenzari
Cheibriados
Dithmenos
Elyvilon
Fedhas
Gozag
Hepliaklqana
Nemelex Xobeh
Okawaru
Qazlal
Ru
Trog
Uskayaw
Wu Jian
Xom
Yredelemnul
Zin
The Shining One
Jiyva

Annotations:
Lair:3 1 runed translucent door, sasquatch's ghost, journeyman CoBr


Innate Abilities, Weirdness & Mutations

You are immune to sickness and miasma.
You are immune to poison.
Your flesh is very heat resistant. (rF++)
You are vulnerable to cold. (rC-)
You float through the air rather than walking.
You learn spells naturally, not from books.
Your magical power is your life essence.
You have superior vitality. (+4 MHP)
You possess an exceptional clarity of mind.
You are strong-willed. (Will+)
Your muscles are strong. (Str +4, Int/Dex -1)


Message History

Aiming: Dimensional Bullseye (mildly dangerous; 3% risk of failure)
Press: ? - help, Dir - move target, f - merfolk, p - merfolk
Aim: a merfolk, wielding a +0 trident of protection You create a dimensional link between your ranged weaponry and the merfolk.
The merfolk hits you from afar with a +0 trident of protection!
* * * LOW HITPOINT WARNING * * *
The merfolk completely misses you.
Fire: h) +7 hand cannon "Mule" {flame, backblast, rF+}
Press: ? - help, Q - select action, (/) - cycle Shift-Dir - straight line, f - merfolk, p - merfolk
Aim: a merfolk, wielding a +0 trident (sparse dust, moderately wounded, 70% to hit)
You shoot a slug. The slug closely misses the merfolk.
Your projectile teleports!
The slug closely misses the merfolk.
Mule's kick sends you backwards.
The merfolk hits you from afar with a +0 trident of protection.
* * * LOW HITPOINT WARNING * * *
You feel more protected from physical attacks.
Fire: h) +7 hand cannon "Mule" {flame, backblast, rF+}
Press: ? - help, Q - select action, (/) - cycle Shift-Dir - straight line, f/p - merfolk
Aim: a merfolk, wielding a +0 trident (moderately wounded, 70% to hit)
You shoot a slug. The slug hits the merfolk!
The slug burns the merfolk.
The merfolk is heavily wounded.
Your projectile teleports!
The slug hits the merfolk!
The slug burns the merfolk.
The merfolk is moderately wounded.
The merfolk closely misses you. You block the merfolk's attack. x3
Fire: h) +7 hand cannon "Mule" {flame, backblast, rF+}
Press: ? - help, Q - select action, (/) - cycle Shift-Dir - straight line, f/p - merfolk
Aim: a merfolk, wielding a +0 trident (heavily wounded, 70% to hit)
You shoot a slug. The slug hits the merfolk!
The slug burns the merfolk!
The merfolk is almost dead.
Your projectile teleports!
The slug hits the merfolk.
The slug burns the merfolk.
The merfolk is moderately wounded.
The merfolk hits you from afar with a +0 trident!
* * * LOW HITPOINT WARNING * * *
You block the merfolk's attack. x2
The merfolk attacks as it pursues you! You block the merfolk's attack.
There is a stone staircase leading up here.
The merfolk hits you from afar with a +0 trident!!
You die...

~~~~~~~~~~≈≈≈≈≈≈≈
~~~~~~~..~~~~~~~≈≈≈
~~~~~~~~~..~~~~~~~≈≈
~~~~~~..~~~...~~..~~≈≈
≈~~~≈~...~~.......~~~≈
P~~~~~...≈≈~..(...~~~~
P≈≈≈~~≈≈~○○....##.~~~~
~≈~~~~..~~☼..○.# ~~~
≈≈~~~~~...m.@..###. ~
≈≈~~....<.m........~
≈≈≈~.......☼§....~~~
~~≈≈~............~~~
~~.~~..#P..~~~..^.~~
~~..P.##.P..~~~....~
~~.... ##.PP.~~....~
...... PP~P~~~~....
~~~.. .PP~P~~~....


You could see 2 merfolk.

Vanquished Creatures
  A kraken (Shoals:1)
  A dire elephant (Lair:5)
  A merfolk impaler (Shoals:1)
  A hydra (Lair:4)
  A catoblepas (Lair:5)
  A merfolk aquamancer (Shoals:1)
  A deep troll shaman (Lair:5)
  A centaur warrior (Shoals:1)
  A two-headed ogre (Bailey)
  8 death yaks (Lair:5)
  2 skysharks
  A sea snake (Shoals:1)
  3 harpies (Shoals:1)
  An obsidian statue (Lair:4)
  A cyclops (Shoals:1)
  A manticore (Shoals:1)
  2 fauns (Shoals:1)
  4 elephants
  A merfolk siren (Shoals:1)
  A black mamba (Lair:3)
  2 cane toads
  2 rime drakes (Lair:5)
  5 komodo dragons
  2 merfolk (Shoals:2)
  4 polar bears
  A hornet (D:7)
  A wind drake (Shoals:1)
  2 dream sheep (Shoals:1)
  5 snapping turtles
  A spriggan (Bailey)
  A vampire (D:9)
  23 yaks
  3 water elementals (Shoals:1)
  3 basilisks
  4 wyverns
  2 nagas (Lair:3)
  3 water moccasins
  2 orc warriors
  3 sky beasts
  A black bear (Lair:5)
  3 ogres
  3 centaurs
  7 wolves
  A phantom (D:5)
  3 lemures (D:8)
  A kobold brigand (D:9)
  9 bullfrogs
  2 scorpions
  5 killer bees
  3 electric eels
  A howler monkey (D:4)
  2 bombardier beetles
  6 hounds
  2 gnoll boudas
  2 orc priests
  2 orc wizards
  2 sleepcaps
  5 iguanas
  Robin (D:3)
  9 gnolls
  9 adders
  2 shadow imps (D:6)
  3 white imps
  A dart slug (D:4)
  A ribbon worm (D:5)
  16 orcs
  5 bats
  6 endoplasms
  3 giant cockroaches
  18 goblins
  9 hobgoblins
  3 jackals (D:2)
  2 quokkas
  6 ball pythons
  A frilled lizard (D:2)
  8 kobolds
  4 rats
  3 tentacles (Shoals:1)
273 creatures vanquished.

Vanquished Creatures (collateral kills)
  A hydra (Lair:3)
  3 death yaks
  2 two-headed ogres (D:8)
  A boulder beetle (Lair:4)
  Pikel (D:8)
  A lindwurm (Lair:5)
  3 manticores
  6 elephants
  4 black mambas
  2 cane toads
  Maggie (D:7)
  2 komodo dragons
  A rime drake (Lair:1)
  A troll (D:9)
  A wind drake (Shoals:1)
  A hornet (D:9)
  A wraith (D:9)
  A spriggan (Bailey)
  19 yaks
  2 steam dragons
  4 water moccasins
  A black bear (D:7)
  2 wolves (Lair:1)
  A lemure (D:8)
  2 ogres (Bailey)
  3 bullfrogs
  A scorpion (D:7)
  A gnoll sergeant (D:8)
  3 wights (D:7)
  6 killer bees
  A hound (D:6)
  A bombardier beetle (D:4)
  An orc priest (D:7)
  An orc wizard (D:7)
  3 gnolls
  4 orcs
  4 goblins (D:4)
  2 hobgoblins (D:3)
  A kobold (D:9)
  A butterfly (Lair:1)
97 creatures vanquished.

Vanquished Creatures (others)
  10 tentacles (Shoals:1)
10 creatures vanquished.

Grand Total: 380 creatures vanquished

Notes
Turn   | Place    | Note
-------+----------+-------------------------------------------
     0 | D:1      | javelincjr the Djinni Hedge Wizard began the quest for the
                  | Orb.
     0 | D:1      | javelincjr set off with the following spells memorised:
                  | Magic Dart, Slow, Blink, Call Imp, Mephitic Cloud.
     0 | D:1      | Reached XP level 1. HP: 15/15 MP: 0/0
   380 | D:1      | Reached XP level 2. HP: 21/22 MP: 0/0
   658 | D:2      | Reached skill level 1 in Fighting
   686 | D:2      | Reached XP level 3. HP: 26/27 MP: 0/0
   686 | D:2      | Learned a level 1 spell: Freeze
   959 | D:2      | Reached skill level 2 in Fighting
   959 | D:2      | Reached XP level 4. HP: 31/33 MP: 0/0
  1008 | D:2      | Found a faded altar of an unknown god.
  1443 | D:3      | Found a glowing golden altar of the Shining One.
  1769 | D:3      | Noticed Robin
  1949 | D:3      | Killed Robin
  2055 | D:4      | Reached XP level 5. HP: 39/39 MP: 0/0
  2055 | D:4      | Learned a level 2 spell: Static Discharge
  2256 | D:4      | Reached skill level 3 in Fighting
  2312 | D:4      | Noticed an ogre
  2342 | D:4      | Killed an ogre
  2343 | D:4      | Reached XP level 6. HP: 45/47 MP: 0/0
  2356 | D:4      | Identified the +4 dagger of Blood-Lust {heavy, Int+4}
  2386 | D:4      | Reached skill level 4 in Fighting
  2400 | D:4      | Reached XP level 7. HP: 20/52 MP: 0/0
  2400 | D:4      | Learned a level 3 spell: Teleport Other
  2755 | D:4      | Identified the +2 shortbow "Juqes" {heavy, rCorr MP+9}
  3162 | D:5      | Entered Level 5 of the Dungeon
  3206 | D:5      | Reached skill level 5 in Fighting
  3417 | D:5      | Reached XP level 8. HP: 60/60 MP: 0/0
  3417 | D:5      | Found a staircase to the Ecumenical Temple.
  3428 | Temple   | Entered the Ecumenical Temple
  3446 | Temple   | Became a worshipper of Qazlal Stormbringer
  3585 | D:5      | Reached skill level 5 in Dodging
  3975 | D:5      | Reached skill level 6 in Fighting
  3985 | D:5      | Identified the +0 pair of boots of the Endless Moons {rElec
                  | rF+ Slay-2}
  4114 | D:6      | Found a hide-covered altar of Uskayaw.
  4116 | D:6      | Found a snail-covered altar of Cheibriados.
  4127 | D:6      | Found a glowing silver altar of Zin.
  4614 | D:6      | Reached XP level 9. HP: 60/67 MP: 0/0
  4614 | D:6      | Learned a level 4 spell: Animate Armour
  5054 | D:7      | Noticed a hornet
  5064 | D:7      | Killed a hornet
  5065 | D:7      | Reached skill level 7 in Fighting
  5210 | D:7      | Reached skill level 5 in Stealth
  5324 | D:7      | Identified the +2 pair of boots of Bienemp {^Contam rN+
                  | Will+}
  5328 | D:7      | Reached * piety under Qazlal
  5333 | D:7      | Reached skill level 1 in Armour
  5333 | D:7      | Reached skill level 1 in Invocations
  5586 | D:7      | Reached skill level 1 in Ranged Weapons
  5803 | D:7      | Found a sacrificial altar of Ru.
  5872 | D:7      | Noticed Maggie
  5900 | D:7      | Killed Maggie
  6197 | D:8      | Noticed a two-headed ogre
  6220 | D:8      | Killed a two-headed ogre
  6221 | D:8      | Reached skill level 8 in Fighting
  6221 | D:8      | Reached skill level 5 in Spellcasting
  6221 | D:8      | Reached skill level 5 in Conjurations
  6221 | D:8      | Reached skill level 5 in Hexes
  6221 | D:8      | Reached skill level 5 in Summonings
  6221 | D:8      | Reached skill level 5 in Necromancy
  6221 | D:8      | Reached skill level 5 in Translocations
  6221 | D:8      | Reached skill level 5 in Fire Magic
  6221 | D:8      | Reached skill level 5 in Ice Magic
  6221 | D:8      | Reached skill level 5 in Air Magic
  6221 | D:8      | Reached skill level 5 in Earth Magic
  6221 | D:8      | Reached skill level 5 in Alchemy
  6221 | D:8      | Reached XP level 10. HP: 62/76 MP: 0/0
  6274 | D:8      | Found a flagged portal.
  6361 | Bailey   | Entered a bailey
  6413 | Bailey   | Noticed a two-headed ogre
  6418 | Bailey   | Killed a two-headed ogre
  6544 | Bailey   | Found the +7 staff of the Meek {protect, meekguard}
  6721 | D:8      | Noticed a two-headed ogre
  6905 | D:8      | Gained mutation: Your muscles are strong. (Str +4, Int/Dex
                  | -1) [potion of mutation]
  6905 | D:8      | Gained mutation: You are strong-willed. (Will+) [potion of
                  | mutation]
  6905 | D:8      | Gained mutation: You possess an exceptional clarity of
                  | mind. [potion of mutation]
  7134 | D:8      | Noticed Pikel
  7148 | D:8      | Killed Pikel
  7149 | D:8      | Reached skill level 9 in Fighting
  7188 | D:8      | Killed a two-headed ogre
  7189 | D:8      | Reached skill level 1 in Shields
  7189 | D:8      | Reached XP level 11. HP: 79/84 MP: 0/0
  7189 | D:8      | Learned a level 4 spell: Dimensional Bullseye
  7426 | D:8      | Found a staircase to the Lair.
  7784 | D:9      | Reached ** piety under Qazlal
  8262 | D:9      | Found a bloodstained altar of Trog.
  8829 | Lair:1   | Entered Level 1 of the Lair of Beasts
  9214 | Lair:1   | Reached skill level 10 in Fighting
  9230 | Lair:1   | Reached XP level 12. HP: 46/91 MP: 0/0
  9590 | Lair:1   | Reached *** piety under Qazlal
  9591 | Lair:1   | Reached skill level 5 in Armour
  9591 | Lair:1   | Reached skill level 5 in Invocations
 10880 | Lair:3   | HP: 4/93 [komodo dragon (1)]
 11184 | Lair:3   | Noticed a six-headed hydra
 11194 | Lair:3   | Killed a six-headed hydra
 11440 | Lair:3   | Reached skill level 11 in Fighting
 11543 | Lair:3   | Found a staircase to the Shoals.
 11669 | Lair:3   | Reached XP level 13. HP: 97/99 MP: 0/0
 11669 | Lair:3   | Learned a level 5 spell: Lee's Rapid Deconstruction
 11846 | Lair:3   | Found a runed translucent door.
 11849 | Lair:3   | Noticed sasquatch's ghost (journeyman CoBr)
 12428 | Lair:3   | Found a staircase to the Snake Pit.
 12831 | Lair:3   | Identified a scroll of acquirement
 12831 | Lair:3   | Acquired the +7 hand cannon "Mule" {flame, backblast, rF+}
 12831 | Lair:3   | Found the +7 hand cannon "Mule" {flame, backblast, rF+}
 12998 | Lair:4   | Reached skill level 5 in Ranged Weapons
 13057 | Lair:4   | Identified the +6 halberd "Wocloghi" {flame, Dex+3}
 13114 | Lair:4   | Noticed a five-headed hydra
 13126 | Lair:4   | Killed a five-headed hydra
 13127 | Lair:4   | Reached skill level 5 in Shields
 13334 | Lair:4   | Reached **** piety under Qazlal
 13726 | Lair:4   | Found the amulet of the Four Winds {rN+ Will+++ Clar}
 13796 | Lair:4   | Identified the ring "Wear" {rElec Str+6}
 13797 | Lair:4   | Identified the staff "Pyepola" {Fly rN+ Str+2 Int+2 Necro}
 14011 | Lair:5   | Entered Level 5 of the Lair of Beasts
 14862 | Lair:5   | Found a viscous altar of Jiyva.
 14863 | Lair:5   | Found a staircase to the Slime Pits.
 14907 | Lair:5   | Reached skill level 12 in Fighting
 14912 | Lair:5   | HP: 3/101 [death yak (18)]
 14916 | Lair:5   | Reached skill level 10 in Dodging
 14916 | Lair:5   | Reached XP level 14. HP: 14/107 MP: 0/0
 15428 | Lair:5   | Reached XP level 15. HP: 97/112 MP: 0/0
 15428 | Lair:5   | Learned a level 6 spell: Starburst
 16236 | Shoals:1 | Entered Level 1 of the Shoals
 16341 | Shoals:1 | Identified the +0 great mace of Instant Death {speed,
                  | ^Fragile rPois Int+2 SInv}
 16354 | Shoals:1 | Reached ***** piety under Qazlal
 16784 | Shoals:1 | Noticed a kraken
 16798 | Shoals:1 | Killed a kraken
 17876 | Shoals:2 | Slain by a merfolk

Illustrated notes

Levels and vault maps discovered:
D:1:      eino_arrival_cavern_e, layout_basic
D:2:      layout_rooms, ebering_ecumenical_altar_rust, minivault_4
D:3:      layout_loops_cross, mainiacjoe_overflow_six_doors_small,
          serial_bayou_lagoon_b, uniq_robin
D:4:      kennysheep_the_goblin_king, layout_basic,
          mainiacjoe_overflow_boulevard
D:5:      wander_river, layout_basic, nicolae_overflow_crystal_walls,
          minmay_temple_entry_tees, nicolae_fountain_basement
D:6:      layout_basic, grunt_temple_overflow_open, grunt_ministairs_5,
          minmay_manual_mandibuliform
D:7:      layout_basic, nicolae_ru_path_of_blood, uniq_maggie
D:8:      layout_basic, david_lair_shrubbed, enter_bailey_8, uniq_pikel
D:9:      layout_irregular_city, lightli_temple_of_fire
Temple:   zaba_magenta_temple
Lair:1:   layout_roguey, lemuel_fruit_fields
Lair:2:   layout_regular_city
Lair:3:   layout_regular_city, minmay_shoals_entry_beasts,
          guppyfry_snake_entry_garden, hellmonk_ghost_happy_afterlife,
          grunt_megastairs_2
Lair:4:   statuecave_lemuel, layout_loops_ring
Lair:5:   grunt_lair_end_beastmaster, layout_regular_city, slime_entry_1,
          serial_bayou_shore_a
Shoals:1: layout_shoals
Shoals:2: layout_shoals, nicolae_shoals_dead_sea_scrolls, uniq_frances

Skill      XL: |  1  2  3  4  5  6  7  8  9 10 11 12 13 14 15 |
---------------+----------------------------------------------+-----
Fighting       | 1 2 3 4 5 6 8 9 10 11 12 | 12.7
Stealth        | 2 3 4 5 6 7 8 |  8.5
Dodging        | 3 4 5 6 7 8 10 11 | 11.1
Spellcasting   | 4 5 6 7 8 |  8.0
Conjurations   | 4 5 6 7 8 |  8.0
Hexes          | 4 5 6 7 8 |  8.0
Summonings     | 4 5 6 7 8 |  8.0
Necromancy     | 4 5 6 7 8 |  8.0
Translocations | 4 5 6 7 8 |  8.0
Fire Magic     | 4 5 6 7 8 |  8.0
Ice Magic      | 4 5 6 7 8 |  8.0
Air Magic      | 4 5 6 7 8 |  8.0
Earth Magic    | 4 5 6 7 8 |  8.0
Alchemy        | 4 5 6 7 8 |  8.0
Armour         | 2 3 4 5 6 7 |  7.3
Invocations    | 2 3 4 5 7 8 |  8.4
Ranged Weapons | 1 2 3 4 5 6 |  6.1
Shields        | 1 3 4 7 |  7.7

Action                     |  1- 3 |  4- 6 |  7- 9 | 10-12 | 13-15 || total
---------------------------+-------+-------+-------+-------+-------++-------
  Melee: Dagger            |     2 |       |    50 |    79 |    19 ||   150
         Trident           |       |    32 |    10 |       |       ||    42
   Fire: Shortbow          |       |       |   112 |   166 |     8 ||   286
         Hand cannon       |       |       |       |       |   285 ||   285
   Cast: Magic Dart        |    70 |    60 |    13 |     4 |     1 ||   148
         Mephitic Cloud    |       |    11 |    16 |    11 |    13 ||    51
         Call Imp          |       |     7 |    28 |    53 |    35 ||   123
         Blink             |       |     1 |     1 |     2 |     5 ||     9
         Static Discharge  |       |     1 |     4 |    28 |     6 ||    39
         Freeze            |       |     8 |    10 |    13 |    10 ||    41
         Slow              |       |     2 |       |     1 |     4 ||     7
         Animate Armour    |       |       |    13 |    55 |    38 ||   106
         Teleport Other    |       |       |     3 |       |       ||     3
         Dimensional Bulls |       |       |       |    11 |    26 ||    37
         Lee's Rapid Decon |       |       |       |       |    11 ||    11
  Evoke: Box of beasts     |       |       |       |       |     1 ||     1
    Use: Scroll            |       |       |     4 |     4 |     5 ||    13
         Potion            |       |       |       |     1 |     8 ||     9
   Stab: Confused          |       |     4 |     3 |     1 |     1 ||     9
         Distracted        |       |       |     2 |       |       ||     2
         Sleeping          |       |       |     1 |       |       ||     1
 Armour: Robe              |     4 |    20 |    60 |       |       ||    84
         Steam dragon scal |       |       |     1 |   140 |   157 ||   298
  Dodge: Dodged            |     2 |    30 |    84 |   238 |   181 ||   535
         Repelled          |       |       |       |       |     7 ||     7
  Block: Other             |       |       |       |    26 |    10 ||    36
         Kite shield       |       |       |       |       |   203 ||   203

Table legend: (Time is in decaauts)
 A = Elapsed time spent in this place.
 B = Non-inter-level travel time spent in this place.
 C = Inter-level travel time spent in this place.
 D = Time resting spent in this place.
 E = Time spent auto-exploring this place.
 F = Levels seen in this place.
 G = Mean time per level.
                   A        B        C        D        E       F      G
               +--------+--------+--------+--------+--------+-----+--------+
         Total |  18447 |  17661 |    786 |   1912 |  11590 |  18 | 1024.8 |
       Dungeon |   8759 |   8216 |    543 |    263 |   5971 |   9 |  973.2 |
        Temple |     34 |     34 |      0 |      0 |      0 |   1 |   34.0 |
          Lair |   7832 |   7618 |    214 |   1265 |   4756 |   5 | 1566.4 |
        Shoals |   1538 |   1510 |     28 |    340 |    817 |   2 |  769.0 |
        Bailey |    282 |    282 |      0 |     44 |     46 |   1 |  282.0 |
               +--------+--------+--------+--------+--------+-----+--------+

Top non-repeatable levels by time:
  Lair:3: 1933 daAuts
  Lair:5: 1725 daAuts
  Lair:4: 1661 daAuts
Shoals:1: 1476 daAuts
     D:7: 1295 daAuts
     D:8: 1281 daAuts
  Lair:1: 1267 daAuts
     D:4: 1246 daAuts
  Lair:2: 1244 daAuts
     D:9: 1197 daAuts
     D:6: 898 daAuts
     D:3: 821 daAuts
     D:5: 802 daAuts
     D:1: 629 daAuts
     D:2: 587 daAuts
